 Dungeon Crawl Stone Soup version 0.31.0-32-g396128a36d (webtiles) character file.

Game seed: 4679320886024576836

18 PaiMei the Grave Robber (level 2, -2/19 HPs)
             Began as a Demonspawn Necromancer on Apr 17, 2024.
             Slain by a ribbon worm (6 damage)
             ... on level 2 of the Dungeon.
             The game lasted 00:01:24 (1187 turns).

PaiMei the Grave Robber (Demonspawn Necromancer)    Turns: 1187, Time: 00:01:25

Health: -2/19      AC:  3    Str: 14    XL:     2   Next: 51%
Magic:  1/5        EV: 12    Int: 15    God:
Gold:   52         SH:  0    Dex: 13    Spells: 4/5 levels left

rFire   . . .        e - +1 short sword (speed)
rCold   . . .        (no shield)
rNeg    . . .        a - +0 robe
rPois   .            (no helmet)
rElec   .            (no cloak)
rCorr   .            (no gloves)
SInv    .            k - +0 pair of boots
Will    .....        (no amulet)
Stlth   ++           i - +6 ring of strength
HPRegen 0.23/turn    (no ring)
MPRegen 0.09/turn

%: no passive effects
@: no status effects
A: spiny 1
a: no special abilities


You were on level 2 of the Dungeon.
You visited 1 branch of the dungeon, and saw 2 of its levels.

You collected 52 gold pieces.

Inventory:

Hand Weapons
 e - a +1 short sword of speed (weapon)
Armour
 a - a +0 robe (worn)
 k - a +0 pair of boots (worn)
 l - a +0 hat
Jewellery
 i - a +6 ring of strength (left hand)
Scrolls
 h - a scroll of identify {unknown}
 j - a scroll of fear {unknown}
Potions
 b - a potion of magic
 c - a potion of cancellation {unknown}
 f - a potion of berserk rage {unknown}
 g - a potion of curing {unknown}


   Skills:
 + Level 2.1 Dodging
 + Level 2.1 Stealth
 + Level 2.2 Spellcasting
 + Level 4.6 Necromancy


You had 4 spell levels left.
You knew the following spells:

 Your Spells              Type           Power      Damage    Failure   Level
a - Necrotise             Necr           60%        1d7       3%          1

Your spell library contained the following spells:

 Spells                   Type           Power      Damage    Failure   Level
 Vampiric Draining        Necr           15%        2d7       10%         3
 Animate Dead             Necr           15%        N/A       32%         4
 Curse of Agony           Necr           15%        N/A       65%         5


Dungeon Overview and Level Annotations

Branches:
Dungeon (2/15)

Altars:


Innate Abilities, Weirdness & Mutations

You are partially covered in sharp spines.


Message History

Casting: Necrotise (safe; 3% risk of failure)
Confirm with . or Enter, or press ? or * to list all spells.
Aiming: Necrotise (safe; 3% risk of failure)
Press: ? - help, Shift-Dir - straight line, f/p - ribbon worm
Aim: a ribbon worm (moderately wounded, chance to affect: 79%)
The ribbon worm writhes in agony.
The ribbon worm expels a string of sticky webbing.
The stream of webbing hits you but does no damage.
You are caught in a web!
Casting: Necrotise (safe; 3% risk of failure)
Confirm with . or Enter, or press ? or * to list all spells.
Aiming: Necrotise (safe; 3% risk of failure)
Press: ? - help, Shift-Dir - straight line, f/p - ribbon worm
Aim: a ribbon worm (moderately wounded, chance to affect: 79%)
The ribbon worm writhes in agony!
The ribbon worm bites you.
Casting: Necrotise (safe; 3% risk of failure)
Confirm with . or Enter, or press ? or * to list all spells.
You don't have enough magic to cast this spell.
Casting: Necrotise (safe; 3% risk of failure)
Confirm with . or Enter, or press ? or * to list all spells.
You don't have enough magic to cast this spell.
The web tears apart.
The ribbon worm bites you.
You hit the ribbon worm.
The ribbon worm is almost dead.
You barely miss the ribbon worm.
The ribbon worm is almost dead.
The ribbon worm expels a string of sticky webbing.
The stream of webbing hits you but does no damage.
You are caught in a web!
You struggle to detach yourself from the web.
You struggle to detach yourself from the web.
The ribbon worm bites you!
* * * LOW HITPOINT WARNING * * *
Casting: Necrotise (safe; 3% risk of failure)
Confirm with . or Enter, or press ? or * to list all spells.
You don't have enough magic to cast this spell.
The web tears apart.
The ribbon worm is struck by your spines.
The ribbon worm bites you.
You die...

#.######
###......
.......
###..... #.#
# #...... #.#
...#..... #.#
#.......###
#.#
#...@..####.#
#..w##<..##.#
#...
###.##.###.#
#...
#.##.....#
#...
#...######
####
###...###
###.).##
###..# ##.###


You could see a ribbon worm (catching breath).

Vanquished Creatures
  3 endoplasms
  3 giant cockroaches (D:1)
  3 goblins
  A hobgoblin (D:1)
  2 kobolds (D:1)
  A bat (D:1)
  2 rats (D:1)
15 creatures vanquished.

Notes
Turn   | Place    | Note
-------+----------+-------------------------------------------
     0 | D:1      | PaiMei the Demonspawn Necromancer began the quest for the
                  | Orb.
     0 | D:1      | Reached XP level 1. HP: 13/13 MP: 3/3
   231 | D:1      | Gained mutation: You are partially covered in sharp spines.
                  | [demonic ancestry]
   231 | D:1      | Reached XP level 2. HP: 19/19 MP: 1/5
  1187 | D:2      | Slain by a ribbon worm

Illustrated notes

Levels and vault maps discovered:
D:1:      heliophobic_arrival_dark_side_of_the_moon, layout_loops_ring,
          minmay_worlds_worst_comb
D:2:      layout_basic, serial_shops, nicolae_shop_waterfront, shop, shop,
          nicolae_shop_hallway_stairs, shop

Skill      XL: |  1 |
---------------+----+-----
Dodging        | 2 |  2.1
Stealth        | 2 |  2.1
Spellcasting   | |  2.2
Necromancy     | |  4.6

Action                     || total
---------------------------++-------
  Melee: Dagger            ||     3
         Short sword       ||     6
   Cast: Necrotise         ||    25
   Stab: Distracted        ||     1
 Armour: Robe              ||    11
  Dodge: Dodged            ||     4
